 Dungeon Crawl Stone Soup version 0.31.0-4-g52a2dc7128 (webtiles) character file.

Game seed: 18188152287032643687

11 howech the Chopper (level 2, -3/27 HPs)
             Began as a Minotaur Berserker on Jan 22, 2024.
             Was a Follower of Trog.
             Slain by Sigmund
             ... wielding a +0 scythe
              (8 damage)
             ... on level 2 of the Dungeon.
             The game lasted 00:03:17 (736 turns).

howech the Chopper (Minotaur Berserker)              Turns: 736, Time: 00:03:18

Health: -3/27      AC:  2    Str: 21    XL:     2   Next: 17%
Magic:  1/1        EV: 17    Int:  4    God:    Trog [*.....]
Gold:   10         SH:  0    Dex:  9    Spells: 1/1 levels left

rFire   + . .        a - +0 hand axe
rCold   . . .        (no shield)
rNeg    . . .        b - +0 animal skin
rPois   .            (helmet restricted)
rElec   .            (no cloak)
rCorr   .            (no gloves)
SInv    .            (no boots)
Will    .....        (no amulet)
Stlth   +            c - ring of protection from fire
HPRegen 0.24/turn    i - +5 ring of evasion
MPRegen 0.07/turn

%: no passive effects
@: on berserk cooldown, slowed, very slow
A: horns 2, retaliatory headbutt
a: Renounce Religion, Berserk


You were on level 2 of the Dungeon.
You worshipped Trog.
Trog was aware of your devotion.
You visited 1 branch of the dungeon, and saw 2 of its levels.

You collected 10 gold pieces.

Inventory:

Hand Weapons
 a - a +0 hand axe (weapon)
Armour
 b - a +0 animal skin (worn)
 f - +0 pearl dragon scales
Jewellery
 c - a ring of protection from fire (left hand)
 i - a +5 ring of evasion (right hand)
 j - a ring of flight
Scrolls
 e - a scroll of revelation {unknown}
 g - a scroll of poison {unknown}
Potions
 d - a potion of haste {unknown}
 h - a potion of invisibility {unknown}


   Skills:
 + Level 3.7 Fighting
 * Level 3.9 Axes
 + Level 0.3 Throwing
 + Level 2.5 Armour
 + Level 2.3 Dodging
 + Level 0.3 Shields
 + Level 0.3 Evocations


You had one spell level left.
You didn't know any spells.
Your spell library was empty.

Dungeon Overview and Level Annotations

Branches:
Dungeon (2/15)

Altars:

Annotations:
D:2 Sigmund


Innate Abilities, Weirdness & Mutations

You have a pair of horns on your head.
You reflexively headbutt those who attack you in melee.


Message History

You hit something but do no damage.
You hear some strange, mumbled words.
A magic dart appears from out of thin air!
The magic dart hits you.
A red film seems to cover your vision as you go berserk!
You feel yourself moving faster!
You feel mighty! Something hits you!
You slash something! Something barely misses you.
You barely miss something. You barely miss the ball python.
The ball python completely misses you. The ball python closely misses you.
You completely miss something. Your headbutt misses something.
You barely miss the ball python. The ball python misses you.
The ball python barely misses you. Something hits you.
You closely miss something. You closely miss the ball python.
The ball python misses you. x2
You hit something. You barely miss the ball python. The ball python misses you.
The ball python closely misses you.
You hear some strange, mumbled words.
You are confused.
You miss the ball python. Your headbutt misses the ball python.
Something hits you but does no damage.
You miss the ball python. The ball python closely misses you.
The ball python barely misses you.
The ball python bites you but does no damage.
The ball python closely misses you. Something hits you!
You miss something. You hit the ball python.
The ball python closely misses you. The ball python misses you.
Something completely misses you.
Unknown command.
You slash something! Your headbutt misses something. You hit the ball python.
You kill the ball python!
Trog accepts your kill.
You bump into the rock wall.
Something hits you!
* * * LOW HITPOINT WARNING * * *
You feel a strong urge to attack something.
You feel less confused.
You are no longer berserk.
You are exhausted.
You feel yourself slow down.
Okay, then.
Something hits you!
You die...

#.######'####
#...........#
####........#
#........#
#........#
#........#
#.....†{.#
#####...##
###@### #...###
#######...###.#
#.............#
#.........##..#
####.........#
.#
........##...#
........##...+
........##...##


There were no monsters in sight!

Vanquished Creatures
  A ball python (D:2)
  A bat (D:2)
  An endoplasm (D:1)
  A giant cockroach (D:1)
  3 goblins (D:1)
  A hobgoblin (D:1)
  A rat (D:1)
9 creatures vanquished.

Notes
Turn   | Place    | Note
-------+----------+-------------------------------------------
     0 | D:1      | howech the Minotaur Berserker began the quest for the Orb.
     0 | D:1      | Reached XP level 1. HP: 19/19 MP: 0/0
   350 | D:1      | Reached XP level 2. HP: 26/27 MP: 1/1
   702 | D:2      | Noticed Sigmund
   703 | D:2      | Found a faded altar of an unknown god.
   736 | D:2      | Slain by Sigmund

Illustrated notes

Levels and vault maps discovered:
D:1:      roadster_arrival_rocket_small, layout_basic
D:2:      layout_basic, hellmonk_ecumenical_altar_run_dry, uniq_sigmund,
          uniq_jessica

Action                     || total
---------------------------++-------
  Melee: Hand axe          ||    25
         Headbutt          ||     4
 Invoke: Berserk           ||     1
 Armour: Animal skin       ||    14
  Dodge: Dodged            ||    24
